 Dungeon Crawl Stone Soup version 0.28.0-43-g3370ac3207 (webtiles) character file.

Game seed: 15430402646749342401

266 NoSkeletonsAllowed the Magician (level 6, 0/41 HPs)
             Began as a Djinni Fire Elementalist on Mar 17, 2022.
             Was a Believer of Elyvilon.
             Slain by Grinder (1 damage)
             ... on level 5 of the Dungeon.
             The game lasted 00:26:01 (5506 turns).

NoSkeletonsAllowed the Magician (DjFE)              Turns: 5506, Time: 00:26:02

Health: 0/41       AC:  6    Str:  9    XL:     6   Next: 44%
Gold:   87         EV:  8    Int: 19    God:    Elyvilon [**....] SH:  4 Dex: 13

rFire   + + .      SeeInvis .   (no weapon)
rCold   x . .      Faith    .   (no shield)
rNeg    . . .      Spirit   .   c - +0 scale mail
rPois   ∞          Reflect  .   (no helmet)
rElec   .          Harm     .   (no cloak)
rCorr   .          Rampage  .   (no gloves)
Will    .....                   (boots unavailable)
Stlth   ..........              (no amulet)
HPRegen 0.13/turn               (no ring)
MPRegen 0.00/turn               (no ring)

@: about to teleport, flying
A: sickness immunity, fire resistance 2, cold vulnerability 1, float, innate
caster, HP casting, extra vitality 1, large bone plates 1, sense surroundings 1,
strong 1
a: Renounce Religion, Purification, Heal Other


You were on level 5 of the Dungeon.
You worshipped Elyvilon.
Elyvilon was pleased with you.
You visited 1 branch of the dungeon, and saw 5 of its levels.

You collected 128 gold pieces.
You donated 41 gold pieces to Zin.

Inventory:

Hand Weapons
 m - the +0 hand axe of Lirinn {drain, rF+ Dex+4}
   (You found it on level 3 of the Dungeon)

   A truly terrible weapon, it drains the life of any living foe it strikes.
   Dex:       It affects your dexterity (+4).
   rF:        It protects you from fire.
   Elyvilon disapproves of the use of such an item.
 p - a +2 whip of electrocution
Missiles
 b - 56 arrows
 k - 4 large rocks
 o - 5 poisoned darts
Armour
 a - a +0 robe
 c - a +0 scale mail (worn)
Magical Staves
 d - a staff of fire
Jewellery
 h - an amulet of guardian spirit
 n - a ring of wizardry
Scrolls
 e - a scroll of enchant armour {unknown}
 g - a scroll of enchant weapon {unknown}
Potions
 i - a potion of brilliance


   Skills:
 + Level 0.5 Fighting
 + Level 0.3 Armour
 * Level 3.3 Dodging
 - Level 1.5 Stealth
 + Level 0.8 Unarmed Combat
 * Level 4.6 Spellcasting


You couldn't memorise any spells.
You knew the following spells:

 Your Spells              Type           Power      Damage    Failure   Level
a - Foxfire               Conj/Fire      88%        2x1d8     16%         1
b - Scorch                Fire           44%        2d7       24%         2
c - Conjure Flame         Conj/Fire      22%        6-21      43%         3
d - Inner Flame           Hex/Fire       22%        N/A       43%         3
e - Flame Wave            Conj/Fire      22%        2d7       83%         4
f - Summon Small Mammal   Summ           88%        N/A       16%         1
g - Wereblood             Tmut           22%        N/A       24%         2
Your spell library was empty.

Dungeon Overview and Level Annotations

Branches:
Dungeon (5/15)
 Temple: D:4-7

Altars:
Elyvilon
Hepliaklqana
Uskayaw
Zin

Annotations:
D:5 Grinder


Innate Abilities, Weirdness & Mutations

You are immune to sickness and miasma.
You are immune to poison.
Your flesh is very heat resistant. (rF++)
You are vulnerable to cold. (rC-)
You float through the air rather than walking.
You learn spells naturally, not from books.
Your magical power is your life essence.
You have superior vitality. (+4 MHP)
You are partially covered in large bone plates. (SH +4)
You passively map a small area around you.
Your muscles are strong. (Str +2)


Message History

Grinder is lightly wounded.
Grinder blinks!
You conjure some foxfire!
Your foxfire dissipates!
The foxfire hits Grinder.
Grinder is moderately wounded.
Grinder gestures at you.
You suddenly lose the ability to move!
Grinder gestures at you. Pain shoots through your body!
Grinder blinks!
Grinder hits you but does no damage. Grinder gestures at you.
Pain shoots through your body! Grinder hits you.
You writhe in agony.
You can move again.
Casting: Foxfire (safe; 16% risk of failure)
Confirm with . or Enter, or press ? or * to list all spells.
Flames lash Grinder.
Grinder is heavily wounded.
Grinder's fire resistance burns away.
Grinder gestures at you. Pain shoots through your body!
* * * LOW HITPOINT WARNING * * *
Okay, then.
As you read the scroll of teleportation, it crumbles to dust.
You feel strangely unstable. Grinder gestures at you.
Pain shoots through your body!
* * * LOW HITPOINT WARNING * * *
Okay, then.
Casting: Scorch (dangerous; 24% risk of failure)
Confirm with . or Enter, or press ? or * to list all spells.
Flames lash Grinder.
Grinder is heavily wounded.
* * * LOW HITPOINT WARNING * * *
Grinder hits you.
* * * LOW HITPOINT WARNING * * *
You writhe in agony.
You die...

### #<# *
#†########
#.........
########@########
* #........5....#
#.###########.# ,
, , * , * * ,***
, ,, , * , , ,* ,


You could see Grinder (combustible).

Vanquished Creatures
  A black bear (D:5)
  A jelly (D:4)
  An orc priest (D:4)
  An orc wizard (D:4)
  2 adders (D:4)
  An adder skeleton (D:4)
  A worm (D:4)
  4 dart slugs
  3 orcs
  3 ball pythons
  6 endoplasms
  6 goblins
  8 hobgoblins
  4 jackals
  2 quokkas
  7 bats
  A frilled lizard (D:2)
  4 kobolds
  2 rats
58 creatures vanquished.

Vanquished Creatures (others)
  168 foxfires
  A fungus (D:2)
169 creatures vanquished.

Grand Total: 227 creatures vanquished

Notes
Turn   | Place    | Note
-------+----------+-------------------------------------------
     0 | D:1      | NoSkeletonsAllowed the Djinni Fire Elementalist began the
                  | quest for the Orb.
     0 | D:1      | Reached XP level 1. HP: 15/15 MP: 0/0
     4 | D:1      | Noticed an electric eel
     5 | D:1      | Noticed an electric eel
   468 | D:1      | Reached XP level 2. HP: 18/21 MP: 0/0
   867 | D:1      | Reached skill level 3 in Spellcasting
   983 | D:1      | Reached XP level 3. HP: 14/25 MP: 0/0
   983 | D:1      | Learned a level 1 spell: Summon Small Mammal
  1468 | D:2      | Gained mutation: You have a pair of small horns on your
                  | head. [potion of mutation]
  1468 | D:2      | Gained mutation: You possess an exceptional clarity of
                  | mind. [potion of mutation]
  1468 | D:2      | Gained mutation: You sometimes lose the ability to read
                  | scrolls when taking damage. [potion of mutation]
  1505 | D:2      | Found a faded altar of an unknown god.
  1517 | D:2      | Lost mutation: You have a pair of small horns on your head.
                  | [potion of mutation]
  1517 | D:2      | Lost mutation: You possess an exceptional clarity of mind.
                  | [potion of mutation]
  1517 | D:2      | Lost mutation: You sometimes lose the ability to read
                  | scrolls when taking damage. [potion of mutation]
  1517 | D:2      | Gained mutation: You are partially covered in large bone
                  | plates. (SH +4) [potion of mutation]
  1517 | D:2      | Gained mutation: Your muscles are strong. (Str +2) [potion
                  | of mutation]
  1517 | D:2      | Gained mutation: You passively map a small area around you.
                  | [potion of mutation]
  1537 | D:2      | Prayed at the altar of an unknown god.
  1537 | D:2      | Became a worshipper of Zin the Law-Giver
  1537 | D:2      | Reached * piety under Zin
  1756 | D:2      | Donated 31 gold pieces to Zin
  2602 | D:3      | Found a hide-covered altar of Uskayaw.
  2623 | D:3      | Reached XP level 4. HP: 17/31 MP: 0/0
  2920 | D:3      | Identified the +0 hand axe of Lirinn {drain, rF+ Dex+4}
  3458 | D:3      | Reached ** piety under Zin
  3547 | D:3      | Found a white marble altar of Elyvilon.
  3561 | D:3      | Fell from the grace of Zin
  3561 | D:3      | Became a worshipper of Elyvilon the Healer
  3819 | D:4      | Reached * piety under Elyvilon
  4191 | D:4      | Reached XP level 5. HP: 31/35 MP: 0/0
  4191 | D:4      | Learned a level 2 spell: Wereblood
  4330 | D:5      | Entered Level 5 of the Dungeon
  4496 | D:5      | Noticed a black bear
  4526 | D:4      | Elyvilon protects you from harm!
  4808 | D:4      | Reached skill level 4 in Spellcasting
  4873 | D:4      | Found a hazy altar of Hepliaklqana.
  5036 | D:4      | Reached ** piety under Elyvilon
  5414 | D:5      | Killed a black bear
  5415 | D:5      | Reached XP level 6. HP: 30/41 MP: 0/0
  5486 | D:5      | Noticed Grinder
  5497 | D:5      | Paralysed by Grinder for 7 turns
  5506 | D:5      | HP: 1/41 [Grinder (4)]
  5506 | D:5      | Slain by Grinder

Illustrated notes

Levels and vault maps discovered:
D:1:      arrival_aquarium_b, layout_basic
D:2:      layout_rooms, dreamdust_ecumenical_altar_grove,
          mrwooster_statue_mirror
D:3:      layout_loops_ring, mainiacjoe_overflow_alcove_4,
          mainiacjoe_overflow_small_starburst
D:4:      layout_basic, nicolae_hepliaklqana_hazy_memory,
          chequers_serial_rivers_micro_b
D:5:      nicolae_cairo_tiling_large_dashed, layout_basic, lemuel_crystal_altar,
          uniq_eustachio, uniq_pikel, uniq_menkaure, uniq_grinder

Skill      XL: |  1  2  3  4  5 |
---------------+----------------+-----
Spellcasting   | 3 4 |  4.6
Dodging        | 3 |  3.3
Fighting       | |  0.5
Armour         | |  0.3
Stealth        | |  1.5
Unarmed Combat | |  0.8

Action                   |  1- 3 |  4- 6 || total
-------------------------+-------+-------++-------
Melee: Unarmed           |    27 |     9 ||    36
       Headbutt          |     1 |       ||     1
 Cast: Foxfire           |    59 |    47 ||   106
       Summon Small Mamm |     3 |     2 ||     5
       Scorch            |     2 |     9 ||    11
       Conjure Flame     |     1 |       ||     1
       Inner Flame       |       |     2 ||     2
Invok: Donate Gold       |     1 |       ||     1
  Use: Scroll            |     2 |     4 ||     6
       Potion            |     2 |     5 ||     7
Armor: Robe              |    22 |     3 ||    25
       Skin              |       |     2 ||     2
       Scale mail        |       |    11 ||    11
Dodge: Dodged            |    55 |    21 ||    76
Block: Other             |     6 |     7 ||    13
